 Dungeon Crawl Stone Soup version 0.27.0-1-g7a089689b8 (webtiles) character file.

Game seed: 2405769129355932157

933 SkeletonJelly the Spear-Bearer (level 8, 0/56 HPs)
             Began as a Merfolk Gladiator on Aug 7, 2021.
             Was an Initiate of Nemelex Xobeh.
             Killed by divine providence
             ... invoked by an orc priest
              (10 damage)
             ... on level 6 of the Dungeon.
             The game lasted 00:09:19 (5367 turns).

SkeletonJelly the Spear-Bearer (Merfolk Gladiator)  Turns: 5367, Time: 00:09:19

Health: 0/56       AC:  8    Str: 17    XL:     8   Next: 11%
Magic:  8/8        EV: 11    Int:  7    God:    Nemelex Xobeh [......]
Gold:   187        SH:  0    Dex: 15    Spells: 7/7 levels left

rFire    . . .     SeeInvis .   a - +0 trident
rCold    . . .     Faith    .   (no shield)
rNeg     . . .     Spirit   .   y - +0 scale mail
rPois    .         Reflect  .   p - +2 hat
rElec    .         Harm     .   (no cloak)
rCorr    .         Rampage  .   (no gloves)
Will     .....                  (no boots)
Stlth    ..........             (no amulet)
HPRegen  0.18/turn              (no ring)
MPRegen  0.11/turn              (no ring)

@: no status effects
A: (nimble swimmer 2), mertail
a: Renounce Religion, Draw Escape, Draw Destruction, Draw Summoning


You were on level 6 of the Dungeon.
You worshipped Nemelex Xobeh.
Nemelex Xobeh was noncommittal.
You visited 2 branches of the dungeon, and saw 7 of its levels.

You collected 187 gold pieces.

Inventory:

Hand Weapons
 a - a +0 trident (weapon)
Missiles
 d - 3 throwing nets (quivered)
Armour
 b - a +0 leather armour
 c - a +0 helmet
 p - a +2 hat (worn)
 y - a +0 scale mail (worn)
Jewellery
 j - an amulet of guardian spirit
 u - a ring of resist corrosion
 x - a ring of flight
Scrolls
 e - 3 scrolls of fog {unknown}
 f - a scroll of immolation {unknown}
 g - a scroll of noise {unknown}
 h - 6 scrolls of identify {unknown}
 k - a scroll of enchant armour {unknown}
 m - a scroll of torment {unknown}
 o - a scroll of teleportation {unknown}
 q - a scroll of fear {unknown}
 r - 2 scrolls of vulnerability {unknown}
 s - a scroll of magic mapping {unknown}
 v - a scroll of amnesia {unknown}
 w - a scroll of acquirement {unknown}
Potions
 i - 2 potions of curing {unknown}
 l - a potion of mutation {unknown}
 n - a potion of brilliance {unknown}
 t - a potion of haste {unknown}
 z - a potion of lignification {unknown}


   Skills:
 - Level 2.1 Fighting
 + Level 13.0 Polearms
 - Level 2.0 Throwing
 - Level 4.0 Dodging


You had 7 spell levels left.
You didn't know any spells.
Your spell library was empty.

Dungeon Overview and Level Annotations

Branches:
Dungeon (6/15)             Temple (1/1) D:5

Altars:
Ashenzari
Cheibriados
Dithmenos
Elyvilon
Fedhas
Gozag
Hepliaklqana
Kikubaaqudgha
Makhleb
Nemelex Xobeh
Okawaru
Qazlal
Ru
Sif Muna
Trog
Uskayaw
Vehumet
Wu Jian
Xom
Yredelemnul
Zin
The Shining One
Beogh

Shops:
D:4 *   D:6 *

Annotations:
D:3 3 runed translucent doors, sasquatch's ghost, weakling MiBe


Innate Abilities, Weirdness & Mutations

((You are quick and stealthy near water. (Stealth+, EV+, Speed+++)))
Your lower body shifts to a powerful aquatic tail in water.


Message History

A water moccasin skeleton is nearby!
A water moccasin skeleton is nearby!
You barely miss the water moccasin skeleton.
You puncture the water moccasin skeleton!
The water moccasin skeleton is moderately damaged.
The water moccasin skeleton barely misses you.
You completely miss the water moccasin skeleton.
The water moccasin skeleton is moderately damaged.
The water moccasin skeleton bites you.
You puncture the water moccasin skeleton!
The water moccasin skeleton is heavily damaged.
The water moccasin skeleton bites you.
You closely miss the water moccasin skeleton.
The water moccasin skeleton is heavily damaged.
The water moccasin skeleton barely misses you.
You puncture the water moccasin skeleton!
The water moccasin skeleton is almost destroyed.
The water moccasin skeleton closely misses you.
You puncture the water moccasin skeleton!
You destroy the water moccasin skeleton!
No target in view!
No target in view!
No target in view!
No target in view!
HP restored.
Key pressed, stopping explore.
An orc priest comes into view. It is wielding a +0 dagger.
The orc priest shouts!
You hear a shout!
An orc comes into view. It is wielding a +0 mace.
There are monsters nearby!
There are monsters nearby!
There are monsters nearby!
An orc warrior comes into view. It is wielding a +0 hand axe.
The orc warrior shouts!
The orc shouts!
An orc comes into view. It is wielding a +0 hand axe.
The orc shouts!
You puncture the orc priest!
The orc priest is severely wounded.
You hear a shout!
You hit the orc priest.
The orc priest is almost dead.
The orc priest hits you with a +0 dagger.
You puncture the orc priest!
You kill the orc priest!
Your Polearms skill increases to level 13!
You hit the orc.
The orc is moderately wounded.
You hit the orc but do no damage.
The orc is moderately wounded.
The orc hits you but does no damage.
The orc curses loudly.
You hit the orc.
The orc is severely wounded.
The orc barely misses you.
You hit the orc but do no damage.
The orc is severely wounded.
You puncture the orc!
You kill the orc!
You hit the orc warrior.
The orc warrior is lightly wounded.
The orc warrior hits you with a +0 hand axe.
You hit the orc warrior but do no damage.
The orc warrior is lightly wounded.
You hit the orc warrior but do no damage.
The orc warrior is lightly wounded.
The orc warrior hits you with a +0 hand axe!
You closely miss the orc warrior. You barely miss the orc warrior.
The orc warrior hits you with a +0 hand axe!
You barely miss the orc warrior.
The orc warrior hits you with a +0 hand axe!
You are too injured to fight recklessly!
You are too injured to fight recklessly!
You are too injured to fight recklessly!
You are too injured to fight recklessly!
You closely miss the orc warrior.
You hit the orc warrior but do no damage.
The orc warrior barely misses you.
Your scale mail prevents you from hitting the orc warrior.
You closely miss the orc warrior.
An orc priest comes into view. It is wielding a +0 club.
The orc warrior hits you with a +0 hand axe!
You hit the orc warrior but do no damage.
The orc warrior hits you with a +0 hand axe.
* * * LOW HITPOINT WARNING * * *
You closely miss the orc warrior.
You hit the orc warrior but do no damage.
The orc warrior barely misses you.
You closely miss the orc warrior. The orc priest hits you with a +0 club.
* * * LOW HITPOINT WARNING * * *
The orc warrior hits you with a +0 hand axe.
* * * LOW HITPOINT WARNING * * *
The orc priest hits you but does no damage.
The orc priest looks satisfied for a moment.
Okay, then.
Found 11 gold pieces.
The orc priest calls down the wrath of Beogh upon you.
Beogh smites you!
You die...
Your body disappears without a glow.

.......................
......#.###.###...#####
........###.......#
...............o..#
..................#
#.##....###.......#
........###.###o..#
.........##.#.#o..#####
..##.#........#@....... .
#.#................$
.......#.#.......###.#
.##.##.#.....#...# .# # #
... #.##..#.#...# #.#.# #
.## #.##..#.#...##.....###
# #
#.##..#...<....###...#####
#.##..#.#...#.##⌠##..... .
#. #..#.#......#_#....####


You could see an orc warrior, an orc priest and an orc.

Vanquished Creatures
  A black bear (D:5)
  An ogre (D:5)
  2 necrophages
  A water moccasin zombie (D:5)
  A water moccasin skeleton (D:6)
  2 orc priests
  4 hounds
  A bullfrog skeleton (D:5)
  3 iguanas
  An orc wizard (D:4)
  9 adders
  3 gnolls (D:3)
  2 dart slugs
  4 orcs
  4 bats
  3 endoplasms
  3 giant cockroaches (D:2)
  3 goblins
  7 hobgoblins
  4 quokkas
  2 ball pythons
  5 frilled lizards
  6 kobolds
  A rat (D:1)
  A spectral goblin (D:2)
74 creatures vanquished.

Notes
Turn   | Place    | Note
-------+----------+-------------------------------------------
     0 | D:1      | SkeletonJelly the Merfolk Gladiator began the quest for the
                  | Orb.
     0 | D:1      | Reached XP level 1. HP: 16/16 MP: 1/1
   138 | D:1      | Reached skill level 5 in Polearms
   155 | D:1      | Reached XP level 2. HP: 18/22 MP: 2/2
   398 | D:1      | You fall into a shaft and drop 1 floor!
  1196 | D:2      | Reached skill level 6 in Polearms
  1196 | D:2      | Reached XP level 3. HP: 20/27 MP: 3/3
  1566 | D:2      | Reached XP level 4. HP: 15/33 MP: 4/4
  1743 | D:2      | Reached skill level 7 in Polearms
  1806 | D:2      | Found a faded altar of an unknown god.
  2459 | D:3      | Reached skill level 8 in Polearms
  2459 | D:3      | Reached XP level 5. HP: 23/38 MP: 5/5
  2649 | D:3      | Found a runed translucent gate.
  2650 | D:3      | Found a runed translucent gate.
  2650 | D:3      | Noticed sasquatch's ghost (weakling MiBe)
  2651 | D:3      | Found a runed translucent gate.
  2653 | D:3      | Identified the +5 hunting sling "Beastslayer" {speed, rElec
                  | rF+ Str-2}
  2653 | D:3      | Identified the +5 ring mail of Gallantry {rC- Will+ rCorr}
  3328 | D:4      | Reached skill level 9 in Polearms
  3332 | D:4      | Reached XP level 6. HP: 16/44 MP: 6/6
  3753 | D:4      | Found Enog's Overcharged Wands.
  3879 | D:5      | Entered Level 5 of the Dungeon
  3903 | D:5      | Reached skill level 10 in Polearms
  3939 | D:5      | Reached XP level 7. HP: 12/50 MP: 7/7
  4290 | D:5      | Found a staircase to the Ecumenical Temple.
  4322 | Temple   | Entered the Ecumenical Temple
  4528 | Temple   | Became a worshipper of Nemelex Xobeh the Trickster
  4581 | D:5      | Reached skill level 11 in Polearms
  4824 | D:5      | Reached skill level 12 in Polearms
  5263 | D:6      | Found Zin's Purification Station.
  5263 | D:6      | Found a glowing silver altar of Zin.
  5284 | D:6      | Reached XP level 8. HP: 56/56 MP: 8/8
  5337 | D:6      | Reached skill level 13 in Polearms
  5367 | D:6      | Killed from afar by an orc priest

Illustrated notes

Levels and vault maps discovered:
D:1:      wander_arrival_fairy_ring, layout_basic
D:2:      layout_basic, dreamdust_ecumenical_altar_drowned_temple,
          hex_intersection, corexii_item_surrounded_by_moat
D:3:      layout_basic, biasface_ghost_orc_armoury
D:4:      layout_gridville, minmay_misc_feat_rows, minivault_1,
          nicolae_shop_overcharged_wands
D:5:      layout_rooms, temple_green
D:6:      layout_basic, zin_purify, serial_shops, shop_statue
Temple:   minmay_crystal_snake_temple

Skill      XL: |  1  2  3  4  5  6  7  8 |
---------------+-------------------------+-----
Polearms       | 5 6 8 9 10 12 13 | 13.0
Fighting       | |  2.1
Throwing       | |  2.0
Dodging        | |  4.0

Action                   |  1- 3 |  4- 6 |  7- 9 || total
-------------------------+-------+-------+-------++-------
Melee: Trident           |   115 |   146 |   107 ||   368
  Use: Potion            |     2 |       |       ||     2
 Stab: Sleeping          |     2 |     1 |       ||     3
Armor: Leather armour    |    23 |    25 |    14 ||    62
       Scale mail        |       |       |     2 ||     2
Dodge: Dodged            |    64 |    78 |    37 ||   179
